 Dungeon Crawl Stone Soup version 0.29.0-5-ge4962eb29e (webtiles) character file.

Game seed: 6596972436740614173

8194 sanka the Grappler (level 11, -4/113 HPs)
             Began as a Troll Cinder Acolyte on Aug 29, 2022.
             Was an Elder of Okawaru.
             Shot with a bolt by an orc warrior (7 damage)
             ... on level 10 of the Dungeon.
             The game lasted 00:13:31 (9080 turns).

sanka the Grappler (Troll Cinder Acolyte)           Turns: 9080, Time: 00:13:33

Health: -4/113     AC:  7    Str: 26    XL:     11   Next: 6%
Magic:  13/13      EV:  9    Int: 10    God:    Okawaru [****..]
Gold:   598        SH:  0    Dex: 15    Spells: 12/12 levels left

rFire   . . .      SeeInvis .     - Unarmed
rCold   . . .      Faith    +   (no shield)
rNeg    . . .      Spirit   .   C - +0 troll leather armour
rPois   .          Reflect  .   (helmet restricted)
rElec   .          Harm     .   O - +0 cloak
rCorr   +          Rampage  .   (gloves unavailable)
Will    .....                   (boots unavailable)
Stlth   +.........              y - amulet of faith
HPRegen 1.88/turn               b - ring of Mysticism {Fly Str+2 Dex+6}
MPRegen 0.13/turn               i - ring of resist corrosion

@: flying, fire susceptible
A: large, unfitting armour, claws 3, regeneration 1, shaggy fur 1, tough skin 1
a: Renounce Religion, Heroism, Finesse


You were on level 10 of the Dungeon.
You worshipped Okawaru.
Okawaru was greatly pleased with you.
You visited 2 branches of the dungeon, and saw 11 of its levels.

You collected 598 gold pieces.


Innate Abilities, Weirdness & Mutations

You are too large for most types of armour.
You have claws for hands.
Your natural rate of healing is unusually fast.
You are covered in fur. (AC +1)
You have tough skin. (AC +1)


   Skills:
 + Level 8.9 Fighting
 + Level 1.2 Dodging
 + Level 13.1 Unarmed Combat
 - Level 1.0 Spellcasting
 - Level 2.1 Fire Magic
 + Level 4.3 Invocations


You had 12 spell levels left.
You didn't know any spells.
Your spell library contained the following spells:

 Spells                   Type           Power      Damage    Failure   Level
 Scorch                   Fire           8%         2d5       24%         2
 Apportation              Tloc           0%         N/A       36%         1
 Necrotise                Necr           0%         1d4       36%         1
 Gell's Gravitas          Tloc           0%         N/A       75%         3
 Lesser Beckoning         Tloc           0%         N/A       75%         3
 Stone Arrow              Conj/Erth      0%         3d7       75%         3
 Teleport Other           Tloc           0%         N/A       75%         3
 Alistair's Intoxication  Tmut/Pois      0%         N/A       100%        5
 Lehudib's Crystal Spear  Conj/Erth      0%         10d2      100%        8
 Summon Small Mammal      Summ           Unusable   N/A       N/A         1
 Animate Armour           Summ/Erth      Unusable   N/A       N/A         4

Inventory:

Hand Weapons
 w - a +4 scimitar
Missiles
 r - 6 large rocks {=f}
 t - 7 curare-tipped darts {=f}
Armour
 C - a +0 troll leather armour (worn)
 O - a +0 cloak (worn)
Jewellery
 a - an amulet of the acrobat
 b - the ring of Mysticism (left claw) {Fly Str+2 Dex+6}

   [ring of dexterity]

   Str:       It affects your strength (+2).
   Dex:       It affects your dexterity (+6).
   Fly:       It grants you flight.
 i - a ring of resist corrosion (right claw)
 j - a ring of positive energy
 y - an amulet of faith (around neck)
 z - a +6 ring of intelligence
 H - an amulet of reflection
 M - an amulet of regeneration
Wands
 E - a wand of polymorph (5)
 N - a wand of roots (11)
 P - a wand of mindburst (7)
Scrolls
 c - 3 scrolls of amnesia
 e - 2 scrolls of fog
 f - 4 scrolls of torment {!r}
 l - 2 scrolls of fear
 m - 4 scrolls of enchant armour
 n - 3 scrolls of immolation {!r}
 o - a scroll of poison {!r}
 s - a scroll of silence {!r}
 v - 5 scrolls of teleportation {@r4}
 A - a scroll of summoning
 B - 2 scrolls of noise {!r}
 G - 6 scrolls of magic mapping
 I - a scroll of enchant weapon
 K - a scroll of blinking {unknown}
Potions
 d - 6 potions of heal wounds {unknown}
 g - a potion of degeneration {unknown}
 h - 7 potions of curing {unknown}
 k - 5 potions of attraction {unknown}
 p - a potion of flight {unknown}
 q - 3 potions of haste {unknown}
 u - 2 potions of lignification {unknown}
 x - 2 potions of might {unknown}
 D - a potion of magic {unknown}
 F - 2 potions of berserk rage {unknown}
 J - a potion of ambrosia {unknown}
 L - a potion of cancellation {unknown}
 Q - a potion of mutation {unknown}

Dungeon Overview and Level Annotations

Branches:
Dungeon (10/15)            Temple (1/1) D:4
   Lair: D:8-11         Orc: D:9-12

Altars:
Ashenzari
Cheibriados
Dithmenos
Elyvilon
Fedhas
Gozag
Hepliaklqana
Kikubaaqudgha
Makhleb
Nemelex Xobeh
Okawaru
Qazlal
Ru
Sif Muna
Trog
Uskayaw
Vehumet
Wu Jian
Xom
Yredelemnul
Zin
The Shining One

▒▒▒▒▒▒▒▒▒▒▒▒▒...▒≈~P...▒
...............▒...▒≈~....▒
...~~~o~≈~≈~~~~▒▒▒▒▒≈~....▒
...~≈≈≈≈≈≈≈≈≈≈≈≈≈≈≈≈≈~....▒
...~~~~~≈~≈~≈~~~~~~~~≈...P▒
..........................▒
..........<...▒▒........▒▒▒
..............†.........▒
.......o...T▒▒▒▒▒▒▒.....▒
.▒▒▒▒▒▒▒▒▒▒▒▒ ...'...▒.▒
...▒...▒.▒ .....▒.....▒
.... ▒.....▒ .... ▒.....▒
▒▒▒▒▒▒▒▒▒▒▒▒ ... ▒..▒▒.▒
▒..........▒ ▒..▒▒.▒
▒..........▒ ▒.....▒


You could see an orc warrior and an orc priest.


Message History

The bolt freezes you.
An orc priest comes into view.
It is wielding a +2 dagger of electrocution.
The orc warrior shoots a bolt.
The bolt hits you!! The bolt freezes you!
The orc warrior shoots a bolt.
The bolt hits you! The bolt freezes you.
The orc warrior shoots a bolt.
The bolt hits you! The bolt freezes you.
* * * LOW HITPOINT WARNING * * *
The orc warrior shoots a bolt.
The bolt hits you!
* * * LOW HITPOINT WARNING * * *
The bolt freezes you.
* * * LOW HITPOINT WARNING * * *
The orc priest calls down the wrath of Beogh upon you.
Beogh smites you!
* * * LOW HITPOINT WARNING * * *
The orc warrior shoots a bolt.
The bolt completely misses you.
The orc priest mumbles some strange prayers to Beogh against you.
Beogh smites you!
* * * LOW HITPOINT WARNING * * *
The orc warrior shoots a bolt.
The bolt hits you!!
* * * LOW HITPOINT WARNING * * *
The bolt freezes you!
You die...

Action                   |  1- 3 |  4- 6 |  7- 9 | 10-12 || total
-------------------------+-------+-------+-------+-------++-------
Melee: Unarmed           |   121 |   104 |   242 |   128 ||   595
       Punch             |     1 |     1 |    14 |     8 ||    24
Invok: Fiery Armour      |       |     2 |       |       ||     2
       Heroism           |       |       |     2 |     7 ||     9
  Use: Scroll            |       |       |       |    15 ||    15
 Stab: Sleeping          |     1 |       |       |       ||     1
Armor: Robe              |    46 |    36 |    43 |    10 ||   135
       Troll leather arm |       |       |       |    19 ||    19
Dodge: Dodged            |    56 |    37 |    98 |    47 ||   238
Block: Other             |       |       |    12 |       ||    12

Levels and vault maps discovered:
D:1:      psy_arrival_radial01, layout_basic, hellmonk_ecumenical_altar_zigzags,
          serial_co_window_serial, co_window_cross_1, co_window_paths_b,
          co_window_paths_a, co_window_corner_a, co_window_paths_b,
          co_window_of_opportunity_a, co_window_of_opportunity_a,
          co_window_corner_b, co_window_broadway_a, co_window_cross_2,
          co_window_paths_e
D:2:      layout_basic
D:3:      layout_basic, mainiacjoe_overflow_alcove_1, lemuel_old_faithful
D:4:      layout_loops_corners, kennysheep_little_box, minmay_temple_entry_mist,
          uniq_duvessa
D:5:      layout_rooms, grunt_temple_overflow_order_and_chaos_2,
          jmf_multi_god_temple2
D:6:      layout_loops_corners, lemuel_round_altar,
          mainiacjoe_overflow_alcove_4, st_stairs_6
D:7:      layout_basic, yredelemnul_altar_generic
D:8:      layout_layer_cave, nicolae_dithmenos_through_a_glass_darkly,
          mainiacjoe_overflow_concentric_impassable,
          nicolae_kite_square_tiling_tiny
D:9:      layout_loops_ring, gammafunk_temple_overflow_statue, uniq_joseph
D:10:     lemuel_castle_with_subvaults [lemuel_castle_interior_carwin_1],
          layout_stronghold
Temple:   hellmonk_temple_beads

Notes
Turn   | Place    | Note
-------+----------+-------------------------------------------
     0 | D:1      | sanka the Troll Cinder Acolyte began the quest for the Orb.
     0 | D:1      | Reached XP level 1. HP: 22/22 MP: 1/1
   120 | D:1      | Found a faded altar of an unknown god.
   154 | D:1      | Reached XP level 2. HP: 28/29 MP: 2/2
   634 | D:1      | Reached XP level 3. HP: 36/36 MP: 3/3
  1113 | D:1      | Reached skill level 4 in Unarmed Combat
  1460 | D:2      | Reached skill level 3 in Fighting
  1508 | D:2      | Identified the +2 ring mail of Durable Happiness {SInv}
  1843 | D:3      | Reached XP level 4. HP: 45/45 MP: 4/4
  2353 | D:3      | Found a hide-covered altar of Uskayaw.
  2508 | D:4      | Identified the +4 glaive of Yredelemnul's Scorn {venom,
                  | rN+}
  2574 | D:4      | Noticed Duvessa
  2574 | D:4      | Noticed Dowan
  2586 | D:4      | Killed Duvessa
  2587 | D:4      | Reached skill level 5 in Unarmed Combat
  2587 | D:4      | Reached XP level 5. HP: 47/53 MP: 5/5
  2596 | D:4      | Killed Dowan
  2639 | D:4      | Reached XP level 6. HP: 62/62 MP: 6/6
  2759 | D:4      | Reached skill level 6 in Unarmed Combat
  2781 | D:4      | Found a staircase to the Ecumenical Temple.
  2789 | D:4      | Reached skill level 4 in Fighting
  2801 | Temple   | Entered the Ecumenical Temple
  3144 | D:4      | Found a bloodstained altar of Trog.
  3508 | D:5      | Entered Level 5 of the Dungeon
  3508 | D:5      | Noticed a water moccasin
  3524 | D:4      | Killed a water moccasin
  3525 | D:4      | Reached skill level 7 in Unarmed Combat
  3525 | D:4      | Reached XP level 7. HP: 21/71 MP: 7/7
  3778 | D:5      | Found a burning altar of Makhleb.
  3781 | D:5      | Noticed a blizzard demon
  3859 | D:5      | Found a large runed translucent door.
  3859 | D:5      | Found a large runed translucent door.
  3863 | D:5      | Reached skill level 5 in Fighting
  3863 | D:5      | Reached skill level 8 in Unarmed Combat
  3971 | D:5      | Found a glowing silver altar of Zin.
  3971 | D:5      | Noticed an angel
  4107 | D:5      | Found a snail-covered altar of Cheibriados.
  4114 | D:5      | Reached XP level 8. HP: 74/80 MP: 8/8
  4127 | D:5      | Found a radiant altar of Vehumet.
  4318 | D:6      | Found a broken altar of Ashenzari.
  4407 | D:6      | Found a hazy altar of Hepliaklqana.
  4560 | D:6      | Reached skill level 9 in Unarmed Combat
  5294 | D:7      | Reached skill level 6 in Fighting
  5403 | D:7      | Reached skill level 10 in Unarmed Combat
  5456 | D:7      | Reached XP level 9. HP: 84/89 MP: 9/9
  5520 | D:7      | Found a basalt altar of Yredelemnul.
  6187 | D:8      | Paralysed by a hornet for 1 turns
  6191 | D:8      | Reached skill level 11 in Unarmed Combat
  6267 | D:8      | Found an iron altar of Okawaru.
  6330 | D:8      | Fell from the grace of Ignis
  6330 | D:8      | Became a worshipper of Warmaster Okawaru
  6654 | D:8      | Found a shadowy altar of Dithmenos.
  7197 | D:9      | Reached skill level 7 in Fighting
  7289 | D:9      | Reached * piety under Okawaru
  7337 | D:9      | Noticed a two-headed ogre
  7344 | D:9      | Killed a two-headed ogre
  7344 | D:9      | Reached ** piety under Okawaru
  7345 | D:9      | Reached skill level 3 in Invocations
  7430 | D:9      | Noticed Joseph
  7447 | D:9      | Killed Joseph
  7448 | D:9      | Reached skill level 4 in Invocations
  7448 | D:9      | Reached XP level 10. HP: 56/102 MP: 9/12
  7577 | D:9      | Noticed a two-headed ogre
  7584 | D:9      | Killed a two-headed ogre
  7585 | D:9      | Reached skill level 12 in Unarmed Combat
  7659 | D:9      | Reached *** piety under Okawaru
  7728 | D:9      | Reached skill level 8 in Fighting
  7832 | D:9      | Found a shimmering blue altar of Sif Muna.
  7833 | D:9      | Found a stormy altar of Qazlal.
  7995 | D:9      | Noticed a two-headed ogre
  8000 | D:9      | Killed a two-headed ogre
  8000 | D:9      | Reached **** piety under Okawaru
  8025 | D:9      | Noticed a two-headed ogre
  8033 | D:9      | Killed a two-headed ogre
  8033 | D:9      | Received a gift from Okawaru
  8050 | D:9      | Reached skill level 13 in Unarmed Combat
  8353 | D:9      | Identified a scroll of acquirement
  8356 | D:9      | Acquired the ring of Mysticism {Fly Str+2 Dex+6}
  8384 | D:10     | Entered Level 10 of the Dungeon
  8785 | D:10     | Reached XP level 11. HP: 102/113 MP: 13/13
  8870 | D:10     | Reached skill level 1 in Dodging
  9080 | D:10     | HP: 3/113 [orc warrior/bolt (18)]
  9080 | D:10     | Shot with a bolt by an orc warrior

Vanquished Creatures
  4 two-headed ogres (D:9)
  Joseph (D:9)
  A troll (D:10)
  A hornet (D:8)
  A wraith (D:9)
  A wyvern (D:10)
  9 yaks (D:9)
  4 fire elementals (D:9)
  2 wargs (D:10)
  Duvessa (D:4)
  3 water moccasins
  3 orc warriors
  2 sky beasts
  An ice beast (D:6)
  2 centaurs (D:7)
  2 phantoms
  A kobold brigand (D:8)
  A necrophage (D:7)
  4 bullfrogs
  3 scorpions
  A gnoll sergeant (D:10)
  4 wights (D:4)
  Dowan (D:4)
  3 killer bees (D:10)
  2 howler monkeys
  A jelly (D:5)
  2 hounds
  5 orc priests
  5 iguanas
  9 orc wizards
  11 adders
  8 gnolls
  3 white imps
  A worm (D:2)
  3 dart slugs (D:2)
  30 orcs
  6 ball pythons
  5 bats
  11 endoplasms
  5 giant cockroaches
  5 goblins
  8 hobgoblins
  3 jackals (D:2)
  8 kobolds
  6 quokkas
  5 frilled lizards (D:1)
  4 rats
202 creatures vanquished.

Vanquished Creatures (others)
  A fungus (D:10)
  3 plants (D:10)
4 creatures vanquished.

Grand Total: 206 creatures vanquished
